 Dungeon Crawl Stone Soup version 0.27-a0-965-gbf8bb431c4 (webtiles) character file.

Game seed: 9563051931771197224

97 robertstho the Magician (level 4, -2/31 HPs)
             Began as a Djinni Fire Elementalist on Apr 12, 2021.
             Killed from afar by an orc wizard (7 damage)
             ... with a magic dart
             ... on level 3 of the Dungeon.
             The game lasted 00:04:13 (3368 turns).

robertstho the Magician (Djinni Fire Elementalist)  Turns: 3368, Time: 00:04:14

Health: -2/31      AC:  3    Str:  7    XL:     4   Next: 68%
Gold:   56         EV: 12    Int: 18    God:
                   SH:  0    Dex: 13

rFire    + + .     SeeInvis .   f - +1 whip (venom)
rCold    x . .     Faith    .   (no shield)
rNeg     . . .     Spirit   .   a - +0 robe
rPois    ∞         Reflect  .   (no helmet)
rElec    .         Harm     .   (no cloak)
rCorr    .         Rampage  .   m - +0 pair of gloves
Will     .....                  (boots unavailable)
Stlth    +.........             (no amulet)
HPRegen  0.10/turn              (no ring)
MPRegen  0.00/turn              (no ring)

@: confused, flying
A: fire resistance 2, cold vulnerability 1, float, innate caster, hp casting,
extra vitality 1
a: no special abilities


You were on level 3 of the Dungeon.
You visited 1 branch of the dungeon, and saw 3 of its levels.

You collected 111 gold pieces.
You spent 55 gold pieces at shops.

Inventory:

Hand Weapons
 d - a +0 dagger
 f - a +1 whip of venom (weapon)
Armour
 a - a +0 robe (worn)
 m - a +0 pair of gloves (worn)
Jewellery
 b - a +4 ring of protection
Scrolls
 e - 2 scrolls of enchant weapon {unknown}
 g - 2 scrolls of fog
 i - a scroll of summoning {unknown}
 j - a scroll of magic mapping {unknown}
 k - 2 scrolls of teleportation
 l - a scroll of noise {unknown}
Potions
 h - a potion of resistance


   Skills:
 + Level 0.2 Maces & Flails
 + Level 2.4 Dodging
 + Level 2.0 Stealth
 + Level 4.2 Spellcasting


You couldn't memorise any spells.
You knew the following spells:

 Your Spells              Type           Power      Damage    Failure   Level
a - Foxfire               Conj/Fire      76%        2x1d7     2%          1
b - Conjure Flame         Conj/Fire      19%        6-21      8%          3
c - Inner Flame           Hex/Fire       19%        N/A       8%          3
d - Sticky Flame          Conj/Fire      19%        2d4       26%         4
e - Fireball              Conj/Fire      9%         3d6       56%         5
f - Freeze                Ice            76%        1d9       2%          1
Your spell library was empty.

Dungeon Overview and Level Annotations

Branches:
Dungeon (3/15)

Altars:
Cheibriados
Dithmenos
Uskayaw
Yredelemnul

Shops:
D:3 ?


Innate Abilities, Weirdness & Mutations

You are immune to poison.
Your flesh is very heat resistant. (rF++)
You are vulnerable to cold. (rC-)
You float through the air rather than walking.
You learn spells naturally, not from books.
Your magical power is your life essence.
You have superior vitality. (+4 HP)


Message History

You hear some strange, mumbled words.
A puff of flame appears from out of thin air!
The puff of flame hits you but does no damage.
You resist.
You're too confused to cast spells.
Sorry, you're not good enough to have a special ability.
Something hits you.
You're too confused to cast spells.
Sorry, you're not good enough to have a special ability.
Something hits you. The orc wizard misses you.
The orc wizard points at you and mumbles some strange words.
The magic dart hits you!
* * * LOW HITPOINT WARNING * * *
Okay, then.
You are too confused!
Unknown command.
You are too confused!
Unknown command.
The orc wizard gestures at you while chanting.
You resist with some effort.
You hear some strange, mumbled words.
You are more confused.
You're too confused to move!
The orc wizard casts a spell at you. You resist with some effort.
You hear some strange, mumbled words.
A puff of flame appears from out of thin air!
The puff of flame hits you. You resist.
* * * LOW HITPOINT WARNING * * *
Something hits you but does no damage.
There is a hide-covered altar of Uskayaw here.
You hear some strange, mumbled words.
Something tries to affect you, but you resist.
The orc wizard points at you and mumbles some strange words.
The puff of flame hits you. You resist.
* * * LOW HITPOINT WARNING * * *
You bump into the granite statue.
A magic dart appears from out of thin air!
The magic dart hits you!
You die...

#....# #........# #....# #....#
#........# ####....#### #....#
........###.....).)†..
#....#####.#...##....###.......
###....##....##.....#### .......
#.........#.###.....# .......
..#.....#.......o{..## .......
#............##._8_..# .......
#.####.....###..@_...#####.......
#.###................##..........
..##.........)...###.............
......##.........####............
...#.###.)..)......#.............
.....###.........#...#...........
....###......<...................
..................#..#...........
..................#..............


You could see an orc wizard.

Vanquished Creatures
  An adder (D:2)
  A gnoll (D:3)
  A worm (D:2)
  4 dart slugs
  3 orcs (D:3)
  6 bats
  4 endoplasms
  A giant cockroach (D:1)
  5 goblins
  3 hobgoblins
  4 jackals
  6 kobolds
  7 quokkas
  5 ball pythons
  3 frilled lizards
  8 rats
62 creatures vanquished.

Vanquished Creatures (collateral kills)
  A foxfire (D:3)
1 creature vanquished.

Vanquished Creatures (others)
  182 foxfires
182 creatures vanquished.

Grand Total: 245 creatures vanquished

Notes
Turn   | Place    | Note
-------+----------+-------------------------------------------
     0 | D:1      | robertstho the Djinni Fire Elementalist began the quest for
                  | the Orb.
     0 | D:1      | Reached XP level 1. HP: 15/15 MP: 0/0
   225 | D:1      | Reached skill level 3 in Spellcasting
   225 | D:1      | Reached XP level 2. HP: 19/21 MP: 0/0
  1007 | D:1      | Reached XP level 3. HP: 7/25 MP: 0/0
  1007 | D:1      | Learned a level 1 spell: Freeze
  2410 | D:2      | Reached XP level 4. HP: 22/31 MP: 0/0
  2679 | D:3      | Found a basalt altar of Yredelemnul.
  2679 | D:3      | Found a hide-covered altar of Uskayaw.
  2679 | D:3      | Found a snail-covered altar of Cheibriados.
  2694 | D:3      | Reached skill level 4 in Spellcasting
  2931 | D:3      | Found a faded altar of an unknown god.
  2939 | D:3      | Found Puro's Magic Scroll Shop.
  2948 | D:3      | Bought a scroll of fog for 22 gold pieces
  2948 | D:3      | Bought a scroll of teleportation for 33 gold pieces
  3194 | D:3      | Found a shadowy altar of Dithmenos.
  3368 | D:3      | Killed from afar by an orc wizard

Illustrated notes

Levels and vault maps discovered:
D:1:      minmay_arrival_jagged, layout_basic, st_stairs_10
D:2:      layout_basic, minmay_pentomino_q4
D:3:      layout_rooms, nicolae_wu_jian_wuxing_cycle,
          grunt_dithmenos_smoke_and_mirrors,
          chequers_temple_overflow_statue_of_worship, serial_shops,
          shop_scrolls, ebering_ecumenical_altar_rust

Skill      XL: |  1  2  3  4 |
---------------+-------------+-----
Spellcasting   | 3 4 |  4.2
Stealth        | 2 |  2.0
Maces & Flails | |  0.2
Dodging        | |  2.4

Action                   |  1- 3 |  4- 6 || total
-------------------------+-------+-------++-------
Melee: Whip              |    11 |       ||    11
 Cast: Foxfire           |    69 |    44 ||   113
  Use: Scroll            |       |     2 ||     2
 Stab: Sleeping          |     1 |       ||     1
Armor: Robe              |     3 |     2 ||     5
Dodge: Dodged            |    21 |    14 ||    35

Table legend: (Time is in decaauts)
 A = Elapsed time spent in this place.
 B = Non-inter-level travel time spent in this place.
 C = Inter-level travel time spent in this place.
 D = Time resting spent in this place.
 E = Time spent auto-exploring this place.
 F = Levels seen in this place.
 G = Mean time per level.
                   A        B        C        D        E       F      G
               +--------+--------+--------+--------+--------+-----+--------+
         Total |   3367 |   3337 |     30 |    314 |   2589 |   3 | 1122.3 |
       Dungeon |   3367 |   3337 |     30 |    314 |   2589 |   3 | 1122.3 |
               +--------+--------+--------+--------+--------+-----+--------+

Top non-repeatable levels by time:
     D:1: 1341 daAuts
     D:2: 1337 daAuts
     D:3: 688 daAuts
